 Dungeon Crawl Stone Soup version 0.29.0-4-gdea44cf6ec (webtiles) character file.

Game seed: 10138595977258642338

553 qw the Chopper (level 7, -8/41 HPs)
             Began as a Tengu Warper on Aug 28, 2022.
             Was an Initiate of Okawaru.
             Engulfed by a cloud of flame (14 damage)
             ... on level 4 of the Dungeon.
             The game lasted 00:00:56 (4996 turns).

qw the Chopper (Tengu Warper)                       Turns: 4996, Time: 00:00:57

Health: -8/41      AC: 12    Str: 19    XL:     7   Next: 29%
Magic:  11/11      EV:  7    Int: 14    God:    Okawaru [......]
Gold:   176        SH:  0    Dex: 13    Spells: 10/10 levels left

rFire   . . .      SeeInvis .   Y - +0 war axe
rCold   . . .      Faith    .   (no shield)
rNeg    . . .      Spirit   .   m - +0 plate armour
rPois   .          Reflect  .   (helmet restricted)
rElec   .          Harm     .   (no cloak)
rCorr   .          Rampage  .   l - +0 pair of gloves
Will    .....                   (boots unavailable)
Stlth   ..........              (no amulet)
HPRegen 0.13/turn               i - +6 ring of strength
MPRegen 0.12/turn               (no ring)

@: flying quickly and evasively, quick
A: beak, talons 3, nimble flight
a: Renounce Religion


You were on level 4 of the Dungeon.
You worshipped Okawaru.
Okawaru was noncommittal.
You visited 2 branches of the dungeon, and saw 7 of its levels.

You collected 254 gold pieces.
You spent 78 gold pieces at shops.


Innate Abilities, Weirdness & Mutations

You have a beak for a mouth.
You have claws for feet.
Your magical nature lets you fly swiftly and evasively.


   Skills:
 - Level 3.2 Fighting
 + Level 7.4 Axes
 - Level 1.0 Throwing
 - Level 3.2 Armour
 - Level 2.1 Dodging
 - Level 2.0 Spellcasting
 - Level 2.4 Translocations


You had 10 spell levels left.
You didn't know any spells.
Your spell library contained the following spells:

 Spells                   Type           Power      Damage    Failure   Level
 Blink                    Tloc           16%        N/A       99%         2
 Gell's Gravitas          Tloc           8%         N/A       100%        3
 Lesser Beckoning         Tloc           8%         N/A       100%        3
 Teleport Other           Tloc           8%         N/A       100%        3
 Manifold Assault         Tloc           8%         N/A       100%        5

Inventory:

Hand Weapons
 n - a +0 flail
 Y - a +0 war axe (weapon)
Missiles
 b - 2 silver boomerangs (quivered)
 d - 2 javelins
Armour
 l - a +0 pair of gloves (worn)
 m - a +0 plate armour (worn)
Jewellery
 h - a ring of fire
 i - a +6 ring of strength (left hand)
Potions
 a - a potion of flight {unknown}
 c - 4 potions of curing
 e - a potion of heal wounds {unknown}
 f - 2 potions of haste
 g - a potion of brilliance {unknown}
 j - a potion of might {unknown}
 k - a potion of cancellation {unknown}
 o - a potion of mutation {unknown}

Dungeon Overview and Level Annotations

Branches:
Dungeon (6/15)             Temple (1/1) D:5

Altars:
Cheibriados
Dithmenos
Gozag
Hepliaklqana
Kikubaaqudgha
Nemelex Xobeh
Okawaru
Qazlal
Ru
Sif Muna
Trog
Vehumet
Wu Jian
Yredelemnul
Zin

Shops:
D:6 !


Message History

d - a javelin
d - 2 javelins (gained 1)
There is an open door here.
There is a stone staircase leading down here.
An orc comes into view. It is wielding a +0 mace.
Found 6 gold pieces.
The orc shouts!
You closely miss the orc. You claw the orc!
You kill the orc!
Okawaru accepts your kill.
You now have 176 gold pieces (gained 6).
Found 6 stones.
You see here 6 stones.
Things that are here:
a +0 mace; an orc corpse You're in a travel-excluded area, stopping explore.
You're in a travel-excluded area, stopping explore.
4989 ||| DROPPING scarf of harm.
You drop a scarf of harm.
You're in a travel-excluded area, stopping explore.
4990 ||| READING scroll labelled BIMYEC GUSAFA.
As you read the scroll labelled BIMYEC GUSAFA, it crumbles to dust.
You hear a loud clanging noise!
It was a scroll of noise.
You're in a travel-excluded area, stopping explore.
You're in a travel-excluded area, stopping explore.
4991 ||| Stepping randomly (stuck).
You're in a travel-excluded area, stopping explore.
You're in a travel-excluded area, stopping explore.
4992 ||| Stepping randomly (stuck).
Really fly into that cloud of flame?
You are engulfed in blazing flames.
You're standing in a cloud of flame!
You are engulfed in blazing flames.
You're standing in a cloud of flame!
You are engulfed in blazing flames.
You're standing in a cloud of flame!
You are engulfed in blazing flames.
You're standing in a cloud of flame!
You are engulfed in blazing flames.
You die...

##.....##..# ##########
###.8...8.##.# #........####
..#.......##.### #...#####.....
......_........# #¤¤ #.....
###.......#..### #. # #.####
###.8...8.##.## # ¤0# #.####
..##.....###..######...# #.....
#.####.### ##.#.000..$$..0¤..###.
#.# #..# #..[@00.$.$.¤¤0..###.
#.# #..# ###.0¤¤......00......
#.###+## ######...#########)
#.##...## #.00# #. #.#.....##
#00.# ####. .........## ### #00¤#
##.##.
#...).....####.#####...#####.....
+.........'......................
#.........####.....#######.#...##


There were no monsters in sight!

Vanquished Creatures
  An orc warrior (D:6)
  An ogre (D:4)
  2 jellies (D:4)
  An orc priest (D:4)
  A hound (D:5)
  2 orc wizards
  Robin (D:4)
  7 adders
  A white imp (D:4)
  An ufetubus (D:4)
  2 worms
  6 dart slugs
  12 orcs
  11 ball pythons
  7 endoplasms
  2 giant cockroaches
  18 goblins
  7 hobgoblins
  6 quokkas
  4 bats
  A frilled lizard (D:1)
  11 kobolds
  4 rats (D:1)
109 creatures vanquished.

Vanquished Creatures (others)
  3 demonic plants (D:1)
  A fungus (D:1)
  3 withered plants (D:1)
7 creatures vanquished.

Grand Total: 116 creatures vanquished

Notes
Turn   | Place    | Note
-------+----------+-------------------------------------------
     0 | D:1      | qw the Tengu Warper began the quest for the Orb.
     0 | D:1      | Reached XP level 1. HP: 12/12 MP: 4/4
     0 | D:1      | 0 ||| qw: Version: 0.1-a-89-g26bdef1
     0 | D:1      | 0 ||| qw: Game counter: 3091
     0 | D:1      | 0 ||| qw: Always use a shield: true
     0 | D:1      | 0 ||| qw: God list: Okawaru
     0 | D:1      | 0 ||| qw: Allow faded altars: false
     0 | D:1      | 0 ||| qw: Do Orc after D:15 true
     0 | D:1      | 0 ||| qw: Do second Lair branch before Depths: true
     0 | D:1      | 0 ||| qw: Lair rune preference: random
     0 | D:1      | 0 ||| qw: Plans: Normal
     0 | D:1      | 0 ||| PLANNING D:1-11
   127 | D:1      | Reached XP level 2. HP: 17/17 MP: 6/6
   150 | D:1      | 150 ||| Stepping ~*~*~tactically~*~*~ (stealth).
   153 | D:1      | 153 ||| Stepping ~*~*~tactically~*~*~ (stealth).
   157 | D:1      | Reached skill level 3 in Axes
   311 | D:1      | 311 ||| Stepping ~*~*~tactically~*~*~ (stealth).
   409 | D:1      | Found a faded altar of an unknown god.
   529 | D:1      | Reached XP level 3. HP: 21/21 MP: 7/7
   700 | D:1      | 700 ||| Stepping ~*~*~tactically~*~*~ (stealth).
   701 | D:1      | 701 ||| Stepping ~*~*~tactically~*~*~ (stealth).
   933 | D:1      | 933 ||| UPGRADING to +0 pair of gloves.
   938 | D:1      | 938 ||| UPGRADING to +0 plate armour.
   948 | D:1      | 948 ||| DROPPING +0 leather armour.
   949 | D:1      | 949 ||| UPGRADING to +6 ring of strength.
   950 | D:1      | 950 ||| READING 2 scrolls labelled EXITIR VOCOM.
   951 | D:1      | 951 ||| READING 3 scrolls labelled MUPE YTATSYICH.
   952 | D:1      | 952 ||| DRINKING 3 lumpy brown potions.
   953 | D:1      | 953 ||| DRINKING 2 black potions.
  1054 | D:1      | 1054 ||| DROPPING scroll of fog.
  1055 | D:1      | 1055 ||| DROPPING scroll of blinking.
  1056 | D:1      | 1056 ||| DROPPING 2 scrolls of fear.
  1057 | D:1      | 1057 ||| DROPPING potion of ambrosia.
  1102 | D:2      | Reached skill level 4 in Axes
  1147 | D:2      | 1147 ||| Stepping ~*~*~tactically~*~*~ (stealth).
  1148 | D:2      | 1148 ||| Stepping ~*~*~tactically~*~*~ (stealth).
  1149 | D:2      | 1149 ||| Stepping ~*~*~tactically~*~*~ (stealth).
  1246 | D:2      | HP: 5/21 [poisoned by an adder]
  1535 | D:2      | Reached XP level 4. HP: 24/26 MP: 8/8
  2088 | D:2      | 2088 ||| DROPPING +0 club.
  2122 | D:2      | 2122 ||| READING scroll labelled XUALIWNADUS.
  2279 | D:3      | Found an ornate altar of the Wu Jian Council.
  2281 | D:3      | Found a hazy altar of Hepliaklqana.
  2289 | D:3      | 2289 ||| Stepping ~*~*~tactically~*~*~ (stealth).
  2291 | D:3      | 2291 ||| Stepping ~*~*~tactically~*~*~ (stealth).
  2293 | D:3      | 2293 ||| FLEEEEING.
  2294 | D:3      | 2294 ||| FLEEEEING.
  2295 | D:3      | 2295 ||| FLEEEEING.
  2296 | D:3      | 2296 ||| FLEEEEING.
  2297 | D:3      | 2297 ||| FLEEEEING.
  2298 | D:3      | 2298 ||| FLEEEEING.
  2300 | D:3      | 2300 ||| FLEEEEING.
  2301 | D:3      | 2301 ||| FLEEEEING.
  2303 | D:3      | 2303 ||| STAIRDANCE
  2358 | D:2      | 2358 ||| READING scroll labelled OGASMA FOMM.
  2390 | D:3      | Found an ancient bone altar of Kikubaaqudgha.
  2459 | D:3      | Reached skill level 5 in Axes
  2462 | D:3      | You fall into a shaft and drop 3 floors!
  2462 | D:6      | Found Oqabun's Distillery.
  2469 | D:6      | 2469 ||| PLANNING D:1-11
  2469 | D:6      | 2469 ||| BUYING potion of curing (39 gold).
  2469 | D:6      | Bought a potion of curing for 39 gold pieces
  2469 | D:6      | 2469 ||| BUYING potion of curing (39 gold).
  2469 | D:6      | Bought a potion of curing for 39 gold pieces
  2523 | D:6      | Noticed an orc warrior
  2524 | D:6      | 2524 ||| Stepping ~*~*~tactically~*~*~ (hiding).
  2534 | D:6      | Gained mutation: Your magical nature lets you fly swiftly
                  | and evasively. [Tengu growth]
  2534 | D:6      | Reached XP level 5. HP: 28/30 MP: 9/9
  2536 | D:6      | HP: 5/30 [orc warrior/+0 flail (11)]
  2539 | D:6      | Killed an orc warrior
  2540 | D:6      | Reached skill level 6 in Axes
  2819 | D:6      | 2819 ||| SWAPPING to +0 war axe.
  2820 | D:6      | 2820 ||| DROPPING +0 mace.
  2821 | D:6      | 2821 ||| DROPPING +0 hand axe.
  2822 | D:6      | 2822 ||| READING scroll labelled KEEC WEANNARY.
  2831 | D:6      | Reached XP level 6. HP: 35/35 MP: 10/10
  2845 | D:5      | Entered Level 5 of the Dungeon
  2845 | D:5      | Found a staircase to the Ecumenical Temple.
  2846 | D:5      | 2846 ||| PLANNING TEMPLE
  2928 | Temple   | Entered the Ecumenical Temple
  2932 | Temple   | Became a worshipper of Warmaster Okawaru
  3055 | Temple   | 3055 ||| PLANNING D:1-11
  3129 | D:3      | 3129 ||| Stepping ~*~*~tactically~*~*~ (stealth).
  3316 | D:3      | 3316 ||| Stepping ~*~*~tactically~*~*~ (hiding).
  3466 | D:3      | 3466 ||| Stepping ~*~*~tactically~*~*~ (hiding).
  3467 | D:3      | 3467 ||| Stepping ~*~*~tactically~*~*~ (hiding).
  3937 | D:4      | Reached skill level 7 in Axes
  3953 | D:4      | 3953 ||| Stepping ~*~*~tactically~*~*~ (stealth).
  3962 | D:4      | Reached skill level 3 in Armour
  4161 | D:4      | Noticed Robin
  4181 | D:4      | Killed Robin
  4423 | D:4      | Found an opulent altar of Gozag.
  4462 | D:4      | Reached XP level 7. HP: 40/40 MP: 11/11
  4508 | D:4      | 4508 ||| Stepping ~*~*~tactically~*~*~ (stealth).
  4510 | D:4      | 4510 ||| Stepping ~*~*~tactically~*~*~ (hiding).
  4518 | D:4      | Reached skill level 3 in Fighting
  4695 | D:4      | 4695 ||| Stepping ~*~*~tactically~*~*~ (stealth).
  4697 | D:4      | 4697 ||| Stepping ~*~*~tactically~*~*~ (stealth).
  4806 | D:4      | 4806 ||| Stepping ~*~*~tactically~*~*~ (stealth).
  4989 | D:4      | 4989 ||| DROPPING scarf of harm.
  4990 | D:4      | 4990 ||| READING scroll labelled BIMYEC GUSAFA.
  4991 | D:4      | 4991 ||| Stepping randomly (stuck).
  4992 | D:4      | 4992 ||| Stepping randomly (stuck).
  4995 | D:4      | HP: 6/41 [something (7)]
  4996 | D:4      | Engulfed by a cloud of flame

Levels and vault maps discovered:
D:1:      minmay_arrival_semitransparent, layout_loops_ring,
          shapermc_ecumenical_altar_gd, minmay_misc_feat_secret_circle,
          chequers_garden, minmay_misc_feat_encased
D:2:      layout_basic
D:3:      layout_loops_cross, grunt_temple_overflow_open, amethyst_killhole
D:4:      layout_loops_corners, grunt_gozag_statues, st_stairs_4,
          lemuel_flame_loot_1, uniq_robin
D:5:      layout_cave_pools, mainiacjoe_overflow_catwalk,
          minmay_temple_entry_statues_pillars, gammafunk_ghost_grave,
          st_stairs_11
D:6:      layout_loops_ring, serial_shops, shop, minmay_lizard_king
Temple:   nicolae_temple_bog_church

Skill      XL: |  1  2  3  4  5  6  7 |
---------------+----------------------+-----
Axes           | 3 4 5 6 7 |  7.4
Armour         | 2 3 |  3.2
Fighting       | 3 |  3.2
Throwing       | |  1.0
Dodging        | |  2.1
Spellcasting   | |  2.0
Translocations | |  2.4

Action                   |  1- 3 |  4- 6 |  7- 9 || total
-------------------------+-------+-------+-------++-------
Melee: Hand axe          |    67 |    49 |       ||   116
       Kick              |    14 |    32 |    11 ||    57
       Peck              |     9 |    19 |     5 ||    33
       Punch             |     2 |       |       ||     2
       War axe           |       |    66 |    24 ||    90
Throw: Boomerang         |     7 |    29 |     5 ||    41
       Javelin           |       |    16 |     6 ||    22
  Use: Scroll            |     2 |     3 |     1 ||     6
       Potion            |     2 |       |       ||     2
Armor: Leather armour    |     8 |       |       ||     8
       Plate armour      |    14 |    62 |     7 ||    83
Dodge: Dodged            |    16 |    35 |     6 ||    57

Table legend:
 A = Non-vault XP
 B = Vault XP
 C = Vault XP percentage of total XP
 D = Non-vault monster count
 E = Vault monster count
 F = Vault count percentage of total count
                 A         B        C        D         E       F
            +---------+---------+-------+---------+---------+-------
      Total |     749 |      41 |   5.2 |      96 |      13 |  11.9
            +---------+---------+-------+---------+---------+-------
        D:1 |      43 |       0 |   0.0 |      27 |       0 |   0.0
        D:2 |      80 |       0 |   0.0 |      18 |       0 |   0.0
        D:3 |      48 |       0 |   0.0 |      22 |       0 |   0.0
        D:4 |     336 |      41 |  10.9 |      20 |      13 |  39.4
        D:5 |      58 |       0 |   0.0 |       3 |       0 |   0.0
        D:6 |     184 |       0 |   0.0 |       6 |       0 |   0.0
            +---------+---------+-------+---------+---------+-------
